AoeStats
← [CL] Al3jandr0.magn00

Marketplace

506261560Analyzed
1v1 RM · 18d ago on Sep 12, 2026· 22m 58s· 2 players
Game mode
Random Map
Map size
Tiny (2 player)
Population
200
Speed
Normal
Resources
Standard
Victory
Conquest
Starting age
Dark Age
Ending age
Imperial Age
RankedLock teamsTeams togetherTeam positionsShared explorationLock speedFull tech treeHidden civsTurbo modeCheats
Victory
Defeat
🇦🇷 Chinese · Argentina
1811
+12
🇦🇷 Vietnamese · Argentina
1723
-12
PlvsVltra l Belisario
10:45 Feudal Age
10:50 Man-at-Arms
18:22 Loom
20:17 Padded Archer Armor
20:34 Double-Bit Axe
[CL] Al3jandr0.magn00
0:31 Loom
9:18 Feudal Age
15:09 Fletching
16:21 Town Watch
18:02 Double-Bit Axe
19:01 Padded Archer Armor
19:37 Wheelbarrow
24:00 Castle Age
22:15 Gold Mining
Connection lost

Rejoining the realm…

Still unreachable

The connection could not be restored.

Session expired

The server has moved on; the page needs a fresh start.